Map: [ESL] Hardwire

Players

herO - Winner!

  • Race: Protoss Protoss

Elazer

  • Race: Zerg Zerg

Event: IEM Katowice 2022

VOD

Have the link to the VOD?

Description

Time

  • Played on: Feb. 23, 2022, 9:04 a.m.
  • Length: 16:28

All games in this series

Show
View Real Time Build Order
Export as new Build Order

herO Protoss - Winner!

Build Orders: 1 Gate Expand, Oracle Opening, Carriers 

Get SALT Encoding   

  12  0:00  Probe  
  13  0:12  Probe  
  14  0:17  Pylon  
  14  0:24  Probe (Chrono Boost)  
  15  0:37  Probe (Chrono Boost)  
  15  0:42  Gateway  
  16  0:43  Probe (Chrono Boost)  
  16  0:48  Assimilator  
  17  0:52  Probe  
  18  1:04  Probe  
  19  1:16  Probe  
  20  1:26  Nexus  
  20  1:37  Cybernetics Core  
  20  1:39  Probe  
  21  1:45  Assimilator  
  21  1:51  Probe  
  22  1:55  Pylon  
  22  2:04  Probe (Chrono Boost)  
  23  2:13  Warp Gate  
  23  2:14  Adept  
  26  2:16  Probe (Chrono Boost)  
  26  2:24  Probe (Chrono Boost)  
  26  2:25  Stargate  
  27  2:30  Probe (Chrono Boost)  
  28  2:38  Probe (Chrono Boost)  
  28  2:42  Probe (Chrono Boost)  
  28  2:43  Adept  
  32  2:47  Probe (Chrono Boost)  
  32  2:48  Probe (Chrono Boost)  
  34  2:52  Probe (Chrono Boost)  
  34  2:56  Probe  
  36  3:00  Void Ray (Chrono Boost)  
  36  3:06  Probe  
  36  3:07  Gateway  
  36  3:12  Probe  
  42  3:17  Pylon  
  42  3:18  Probe  
  43  3:26  Probe  
  44  3:30  Probe  
  45  3:34  Oracle (Chrono Boost), Assimilator  
  45  3:37  Assimilator  
  45  3:41  Probe  
  49  3:42  Probe  
  50  3:51  Nexus  
  50  3:55  Pylon  
  50  3:58  Probe x2  
  52  4:04  Stargate  
  52  4:11  Probe  
  52  4:12  Probe  
  52  4:14  Void Ray  
  54  4:23  Protoss Air Weapons Level 1  
  58  4:24  Pylon  
  58  4:26  Probe  
  58  4:27  Probe  
  60  4:36  Forge  
  60  4:38  Pylon  
  60  4:39  Probe x2  
  60  4:43  Void Ray (Chrono Boost), Adept  
  64  4:45  Adept  
  64  4:50  Void Ray (Chrono Boost)  
  74  5:04  Probe x2  
  76  5:14  Probe  
  77  5:16  Probe x2  
  77  5:18  Fleet Beacon  
  79  5:24  Shield Battery  
  79  5:26  Void Ray (Chrono Boost)  
  79  5:27  Pylon  
  79  5:28  Probe x2  
  80  5:29  Probe  
  80  5:30  Void Ray (Chrono Boost)  
  86  5:41  Probe  
  91  5:43  Probe  
  91  5:44  Flux Vanes  
  91  5:49  Pylon  
  88  5:50  Assimilator  
  88  5:52  Assimilator  
  88  5:56  Probe x3  
  91  6:04  Void Ray  
  91  6:06  Photon Cannon  
  91  6:08  Probe x2  
  97  6:14  Void Ray (Chrono Boost)  
  97  6:15  Probe  
  98  6:20  Probe  
  98  6:22  Shield Battery  
  103  6:25  Pylon  
  103  6:28  Photon Cannon  
  103  6:36  Probe x3  
  106  6:42  Nexus  
  106  6:43  Pylon  
  112  6:56  Carrier (Chrono Boost)  
  112  7:01  Carrier (Chrono Boost)  
  112  7:07  Photon Cannon  
  112  7:08  Pylon  
  118  7:09  Shield Battery  
  118  7:10  Photon Cannon  
  118  7:14  Stargate  
  118  7:16  Pylon  
  118  7:17  Pylon, Probe  
  118  7:18  Probe x2  
  121  7:23  Protoss Ground Weapons Level 1  
  121  7:25  Twilight Council  
  121  7:26  Stargate  
  121  7:31  Photon Cannon  
  121  7:47  Photon Cannon, Probe x2  
  121  7:48  Probe  
  121  7:50  Carrier (Chrono Boost)  
  130  7:51  Assimilator  
  130  7:53  Assimilator  
  130  8:01  Probe x2  
  130  8:02  Probe x2  
  131  8:07  Robotics Facility  
  131  8:10  Charge  
  131  8:12  Photon Cannon, Gateway  
  131  8:14  Gateway  
  131  8:16  Gateway  
  131  8:20  Gateway  
  131  8:22  Gateway  
  131  8:23  Probe x4  
  131  8:25  Sentry  
  129  8:29  Carrier (Chrono Boost)  
  131  8:38  Carrier (Chrono Boost)  
  131  8:44  Carrier (Chrono Boost)  
  143  8:54  Gateway, Observer  
  144  8:56  Gateway  
  144  8:59  Templar Archives  
  144  9:00  Gateway  
  144  9:08  Photon Cannon, Probe, Void Ray  
  144  9:09  Probe x2  
  147  9:11  Pylon  
  147  9:13  Observer  
  147  9:16  Observer (Chrono Boost)  
  152  9:20  Protoss Air Weapons Level 2  
  152  9:23  Zealot x2  
  156  9:28  Warp Prism (Chrono Boost)  
  156  9:30  Pylon x2  
  158  9:32  Pylon  
  158  9:33  Protoss Ground Weapons Level 2 (Chrono Boost)  
  158  9:37  Zealot x4  
  166  9:53  Robotics Bay  
  166  9:56  High Templar x3  
  166  9:57  High Templar, Zealot x5  
  166  9:59  Zealot  
  186  10:00  Archon x2  
  186  10:15  Pylon  
  186  10:21  Zealot x5  
  196  10:35  Zealot x5  
  198  10:40  Oracle (Chrono Boost)  
  182  10:44  Zealot x2  
  182  10:45  Zealot x2  
  161  11:00  Zealot  
  161  11:01  Zealot x5  
  163  11:04  Disruptor (Chrono Boost)  
  163  11:06  Zealot x4  
  160  11:19  Void Ray x4 (Chrono Boost)  
  164  11:31  Disruptor (Chrono Boost)  
  160  11:35  High Templar x5  
  160  11:36  High Templar x2  
  160  11:39  High Templar, Zealot  
  181  11:40  Nexus, Archon x2  
  181  11:41  Observer  
  181  11:48  Photon Cannon  
  181  11:49  Shield Battery  
  181  11:51  Archon x2  
  181  11:53  Pylon  
  181  11:54  Protoss Ground Weapons Level 3 (Chrono Boost)  
  181  11:56  Disruptor (Chrono Boost)  
  184  12:06  Photon Cannon  
  184  12:12  High Templar x2  
  184  12:15  Zealot x5  
  194  12:16  Archon  
  167  12:40  High Templar x2  
  167  12:41  High Templar x2, Zealot x4  
  179  12:45  Archon x2  
  179  12:57  Disruptor (Chrono Boost)  
  179  12:58  Zealot x2  
  169  13:15  Void Ray x4  
  169  13:16  Zealot x7  
  169  13:17  Zealot  
  180  13:28  Disruptor (Chrono Boost)  
  183  13:46  Zealot x4  
  183  13:47  Zealot x4  
  199  13:53  Observer  
  200  13:55  Observer (Chrono Boost)  
  200  13:59  Shield Battery  
  200  14:03  Photon Cannon  
  200  14:11  Photon Cannon  
  200  14:12  Shield Battery  
  200  14:13  Shield Battery  
  200  14:14  Mothership (Chrono Boost)  
  200  14:15  Assimilator  
  184  14:17  Assimilator  
  184  14:28  Zealot x4, Observer  
  184  14:29  Zealot x4  
  192  14:55  Void Ray x3  
  192  14:56  Void Ray  
  196  15:09  Disruptor (Chrono Boost)  
  187  15:18  High Templar x6  
  187  15:21  Zealot x4  
  195  15:22  Archon x2  
  191  15:28  Observer  
  191  15:35  Disruptor (Chrono Boost)  
  178  15:52  Archon  
  178  15:53  Zealot x10  
Show
View Real Time Build Order
Export as new Build Order

Elazer Zerg 

Build Orders: Hatch First 

Get SALT Encoding   

  12  0:00  Drone  
  13  0:12  Overlord  
  13  0:16  Drone  
  14  0:30  Drone x2  
  16  0:48  Hatchery  
  15  0:51  Drone  
  15  0:55  Drone  
  17  0:58  Drone  
  18  1:08  Extractor  
  17  1:13  Spawning Pool  
  17  1:18  Drone  
  17  1:21  Drone  
  18  1:29  Drone  
  19  1:38  Drone  
  20  1:49  Overlord  
  20  2:01  Queen x2, Zergling x2  
  22  2:02  Drone  
  26  2:11  Drone x2  
  26  2:13  Metabolic Boost  
  28  2:21  Drone  
  28  2:22  Drone  
  30  2:32  Drone x2  
  30  2:36  Queen  
  32  2:43  Overlord  
  34  2:45  Drone  
  35  2:53  Hatchery  
  34  2:58  Zergling x2  
  34  2:59  Drone  
  34  3:05  Queen  
  38  3:09  Drone x3  
  38  3:10  Drone  
  42  3:19  Queen  
  44  3:20  Overlord  
  44  3:23  Overlord  
  44  3:40  Overlord  
  47  3:41  Drone x4  
  47  3:45  Queen  
  47  3:47  Drone x2  
  52  3:50  Overlord  
  52  3:59  Spore Crawler, Drone  
  52  4:03  Queen  
  52  4:04  Drone x4  
  52  4:06  Queen  
  60  4:12  Zergling x2  
  61  4:18  Zergling x6  
  61  4:21  Overlord  
  64  4:26  Spore Crawler  
  64  4:27  Drone x7  
  71  4:31  Drone  
  71  4:37  Overlord  
  71  4:41  Extractor  
  71  4:42  Drone x5  
  71  4:44  Roach Warren  
  74  4:48  Drone  
  74  4:49  Drone  
  76  4:57  Drone x3  
  79  5:03  Hatchery  
  79  5:04  Spore Crawler  
  79  5:05  Overlord  
  77  5:07  Extractor  
  77  5:08  Drone x6  
  77  5:11  Drone x2  
  84  5:15  Extractor  
  84  5:16  Lair, Extractor  
  84  5:19  Drone x3  
  85  5:24  Queen  
  85  5:28  Queen  
  89  5:29  Evolution Chamber  
  89  5:31  Drone x3  
  91  5:42  Overlord  
  89  5:43  Drone x8  
  89  5:47  Drone  
  95  5:55  Overlord  
  95  5:58  Overlord  
  95  5:59  Zerg Missile Weapons Level 1, Queen  
  95  6:03  Drone x3, Queen, Extractor  
  101  6:08  Drone x3  
  104  6:11  Overlord  
  104  6:12  Overlord  
  104  6:16  Drone x6  
  104  6:18  Extractor  
  109  6:19  Glial Reconstitution  
  109  6:20  Infestation Pit  
  108  6:26  Drone x3  
  108  6:27  Overlord  
  111  6:32  Overlord  
  111  6:33  Drone x5  
  111  6:36  Extractor  
  111  6:37  Extractor  
  111  6:38  Queen x2  
  118  6:43  Zergling x2  
  118  6:44  Overlord, Zergling x2  
  120  6:47  Drone  
  120  6:49  Drone x2  
  120  6:52  Overlord  
  123  6:58  Queen x2  
  127  7:02  Pathogen Glands  
  127  7:06  Extractor x2  
  127  7:08  Drone x4  
  128  7:09  Drone x2  
  128  7:13  Drone x4  
  128  7:14  Drone x2  
  137  7:16  Spore Crawler  
  137  7:17  Queen, Hive  
  137  7:20  Overlord  
  138  7:23  Overlord x2  
  138  7:31  Spore Crawler  
  138  7:32  Drone x3  
  138  7:33  Queen, Spine Crawler x2  
  140  7:37  Queen  
  140  7:39  Infestor x6  
  154  7:44  Infestor  
  154  7:45  Infestor x2  
  160  7:51  Infestor  
  162  7:58  Evolution Chamber  
  162  8:04  Zerg Missile Weapons Level 2  
  159  8:06  Queen  
  159  8:12  Spine Crawler  
  160  8:13  Spine Crawler  
  160  8:14  Spine Crawler x2  
  160  8:15  Spine Crawler  
  160  8:18  Overseer  
  156  8:22  Hatchery  
  155  8:40  Zerg Ground Armor Level 1  
  155  8:41  Viper x2  
  161  8:53  Queen x2  
  166  8:57  Neural Parasite  
  166  8:58  Queen  
  166  8:59  Burrow  
  165  9:03  Drone x2  
  165  9:04  Drone x2  
  165  9:06  Spine Crawler  
  165  9:08  Roach x3  
  174  9:13  Hatchery  
  174  9:15  Spine Crawler  
  172  9:17  Spore Crawler, Spine Crawler  
  172  9:21  Spine Crawler  
  172  9:22  Spore Crawler  
  172  9:23  Spore Crawler  
  167  9:28  Queen  
  167  9:31  Zergling x2  
  169  9:46  Overseer  
  169  9:56  Roach x11  
  169  9:57  Overlord  
  169  9:58  Infestor x5  
  191  10:01  Infestor  
  191  10:03  Infestor  
  191  10:04  Infestor  
  191  10:05  Infestor  
  191  10:07  Spore Crawler, Infestor  
  191  10:08  Spore Crawler x3  
  191  10:09  Spore Crawler  
  191  10:10  Spore Crawler x3  
  191  10:13  Infestor x7, Roach x4  
  191  10:14  Spore Crawler x5  
  189  10:20  Infestor x8  
  186  10:21  Infestor  
  186  10:35  Infestor x9  
  182  10:41  Roach  
  182  10:42  Roach x6  
  176  10:53  Roach x7  
  169  11:18  Queen x4  
  152  11:26  Infestor x5  
  152  11:29  Drone x7  
  152  11:30  Drone  
  152  11:31  Infestor x9  
  170  11:36  Spore Crawler  
  170  11:37  Spore Crawler, Zerg Ground Armor Level 2  
  170  11:38  Zerg Melee Weapons Level 1  
  170  11:39  Spore Crawler x3, Drone x5  
  170  11:40  Spore Crawler  
  170  11:41  Spore Crawler  
  168  11:48  Drone x6  
  168  11:49  Drone  
  175  11:55  Drone, Spore Crawler  
  175  11:56  Spore Crawler  
  175  11:57  Spore Crawler x2, Queen x2  
  175  11:58  Spore Crawler  
  175  12:01  Viper x3  
  175  12:02  Infestor x10  
  175  12:03  Infestor x3  
  180  12:20  Roach x8  
  157  12:41  Queen  
  145  12:44  Queen x2  
  145  12:47  Lair  
  136  12:52  Drone x7  
  136  12:57  Roach x8  
  158  13:00  Infestor x2  
  158  13:01  Infestor x5  
  147  13:17  Hatchery  
  133  13:21  Drone x7  
  133  13:26  Extractor  
  135  13:32  Spawning Pool  
  135  13:34  Drone x6  
  140  13:45  Infestor x7  
  133  13:52  Spawning Pool  
  133  13:53  Drone x4  
  133  13:54  Drone x3  
  137  13:56  Infestor x5  
  144  14:30  Queen x3  
  150  14:33  Queen  
  150  14:37  Infestor x10  
  150  14:38  Zergling x24  
  162  14:52  Roach Warren  
  161  14:55  Hatchery, Extractor  
  153  15:06  Queen x2  
  128  15:28  Infestor x3  
  120  15:32  Queen x2  
  120  15:36  Roach x12  
  120  15:41  Queen  
  146  15:52  Infestor x4  

Tags
 
Add a new tag
Caveats
  • Supply blocks, unpowered buildings, or Contaminate may cause inaccurate times.
  • Supply counts are checked every 10 seconds.